 Dungeon Crawl Stone Soup version 0.31-a0-430-gf8416d752b (webtiles) character file.

Game seed: 4129308984452602819

349 AdnanSaban the Covered (level 6, -1/38 HPs)
             Began as a Gargoyle Fighter on July 31, 2023.
             Slain by Menkaure (6 damage)
             ... on level 3 of the Dungeon.
             The game lasted 00:02:38 (2979 turns).

AdnanSaban the Covered (Gargoyle Fighter)           Turns: 2979, Time: 00:02:39

Health: -1/38      AC: 14    Str: 22    XL:     6   Next: 60%
Magic:  6/6        EV:  9    Int:  8    God:
Gold:   95         SH:  4    Dex:  9    Spells: 5/5 levels left

rFire   . . .        a - +0 flail
rCold   . . .        c - +0 buckler
rNeg    + . .        b - +0 scale mail
rPois   ∞            g - +0 helmet
rElec   +            (no cloak)
rCorr   .            s - +0 pair of gloves
SInv    .            (no boots)
Will    .....        (no amulet) Stlth
                     (no ring)
HPRegen 0.26/turn    (no ring)
MPRegen 0.10/turn

%: no passive effects
@: no status effects
A: sickness immunity, AC +4, negative energy resistance 1, electricity
resistance, torment resistance 1, petrification resistance
a: no special abilities


You were on level 3 of the Dungeon.
You visited 1 branch of the dungeon, and saw 4 of its levels.

You collected 95 gold pieces.

Inventory:

Hand Weapons
 a - a +0 flail (weapon)
Missiles
 m - 6 poisoned darts
Armour
 b - a +0 scale mail (worn)
 c - a +0 buckler (worn)
 g - a +0 helmet (worn)
 s - a +0 pair of gloves (worn)
Jewellery
 o - an amulet of the acrobat
Wands
 t - a wand of flame (9)
Scrolls
 f - 2 scrolls of revelation {unknown}
 j - a scroll of enchant weapon {unknown}
 k - a scroll of fear {unknown}
 l - 3 scrolls of identify {unknown}
 n - 2 scrolls of vulnerability {unknown}
 p - 3 scrolls of torment {unknown}
 r - a scroll of poison {unknown}
Potions
 d - a potion of might
 e - 2 potions of brilliance {unknown}
 h - 2 potions of lignification {unknown}
 i - a potion of haste {unknown}
 q - a potion of attraction {unknown}


   Skills:
 + Level 4.2 Fighting
 + Level 4.7 Maces & Flails
 + Level 4.8 Armour
 + Level 0.9 Dodging
 + Level 4.0 Shields


You had 5 spell levels left.
You didn't know any spells.
Your spell library contained the following spells:

 Spells                   Type           Power      Damage    Failure   Level
 Blink                    Tloc           0%         N/A       89%         2
 Lesser Beckoning         Tloc           0%         N/A       89%         2
 Momentum Strike          Conj/Tloc      0%         3d8       89%         2
 Wereblood                Tmut           0%         N/A       89%         2
 Portal Projectile        Hex/Tloc       0%         N/A       98%         3
 Tukima's Dance           Hex            0%         N/A       98%         3
 Iskenderun's Mystic Bla  Conj/Tloc      0%         2d3       100%        4
 Irradiate                Conj/Tmut      0%         3d11      100%        5


Dungeon Overview and Level Annotations

Branches:
Dungeon (4/15)
 Temple: D:4-7

Altars:
Ashenzari
Xom

Shops:
D:1 [

Annotations:
D:3 Menkaure


Innate Abilities, Weirdness & Mutations

You are immune to sickness and miasma.
Your stone body is resilient. (AC +4)
You are immune to poison.
You resist negative energy. (rN+)
You are resistant to electric shocks. (rElec)
You are resistant to unholy torment.
You are immune to petrification.


Message History

No target in view!
You start resting.
HP restored.
You climb downwards.
Level annotation: Menkaure
There is a stone staircase leading up here.
Menkaure hits you!
You climb upwards.
There is a stone staircase leading down here.
You sock Menkaure!
Menkaure is heavily damaged.
Menkaure calls on the powers of darkness!
Your body is wracked with pain!
You hit Menkaure.
Menkaure is severely damaged.
Menkaure hits you!
* * * LOW HITPOINT WARNING * * *
You are too injured to fight recklessly!
You are too injured to fight recklessly!
You are too injured to fight recklessly!
You are too injured to fight recklessly!
You are too injured to fight recklessly!
You are too injured to fight recklessly!
You are too injured to fight recklessly!
You are too injured to fight recklessly!
You are too injured to fight recklessly!
You are too injured to fight recklessly!
You are too injured to fight recklessly!
You are too injured to fight recklessly!
You are too injured to fight recklessly!
You are too injured to fight recklessly!
You are too injured to fight recklessly!
You barely miss Menkaure.
Menkaure is severely damaged.
Menkaure hits you!
* * * LOW HITPOINT WARNING * * *
You closely miss Menkaure.
Menkaure is severely damaged.
Menkaure hits you.
You die...

#.#######.###.# #......
#.######...##.#######.#####
#.#...........))......#...#
##.#.####...##..............
#............#########......
#.).....##.#.# #......
#####..........#.## #.#...#
#...........##..M.# #.##.##
#.###.......##.@<.# #.##.##
#.# #.......##....# #......
#.# #..........####
#####.##.## #.# ######.#.###
#.)))....# #.# #....##
####)'####### #.#
#.....####~~~..~~~## #.#
#......##~~~~..~~~~## #.#
#.....##~~~~~).~~~~~## ##.#
##..[##~~~~~~..~~~~~~##


You could see Menkaure.

Vanquished Creatures
  Eustachio (D:3)
  An orc wizard (D:3)
  8 gnolls
  2 adders
  3 worms (D:2)
  A dart slug (D:3)
  5 orcs (D:3)
  8 ball pythons
  5 endoplasms
  8 giant cockroaches
  5 goblins
  4 hobgoblins
  4 jackals
  3 kobolds
  A quokka (D:1)
  5 bats
  3 frilled lizards
  5 rats
72 creatures vanquished.

Notes
Turn   | Place    | Note
-------+----------+-------------------------------------------
     0 | D:1      | AdnanSaban the Gargoyle Fighter began the quest for the
                  | Orb.
     0 | D:1      | Reached XP level 1. HP: 14/14 MP: 1/1
    72 | D:1      | Found a faded altar of an unknown god.
   226 | D:1      | Reached XP level 2. HP: 19/19 MP: 2/2
   292 | D:1      | Reached XP level 3. HP: 22/24 MP: 3/3
   405 | D:1      | Found Kitame's Armour Shop.
  1354 | D:2      | Reached XP level 4. HP: 29/29 MP: 4/4
  1463 | D:2      | Found a shimmering altar of Xom.
  2023 | D:3      | Reached XP level 5. HP: 26/33 MP: 5/5
  2510 | D:3      | Found a broken altar of Ashenzari.
  2855 | D:4      | Noticed Eustachio
  2920 | D:3      | Killed Eustachio
  2921 | D:3      | Reached XP level 6. HP: 30/38 MP: 6/6
  2960 | D:4      | Noticed Menkaure
  2979 | D:3      | Slain by Menkaure

Illustrated notes

Levels and vault maps discovered:
D:1:      saegor_arrival_simple_c, layout_basic, serial_shops,
          nicolae_shop_peninsula, ebering_ecumenical_altar_mist,
          minmay_worlds_worst_comb
D:2:      layout_loops_corners, basic_altar
D:3:      kennysheep_big_flooded_room, layout_loops_ring,
          mainiacjoe_overflow_surrounded_room
D:4:      layout_loops_cross, nicolae_overflow_crystal_walls,
          mainiacjoe_overflow_24_doors, uniq_menkaure, uniq_blork_the_orc,
          uniq_crazy_yiuf_cottage, uniq_eustachio

Skill      XL: |  1  2  3  4  5 |
---------------+----------------+-----
Maces & Flails | 3 4 |  4.7
Armour         | 4 |  4.8
Fighting       | 4 |  4.2
Shields        | 4 |  4.0
Dodging        | |  0.9

Action                     |  1- 3 |  4- 6 || total
---------------------------+-------+-------++-------
  Melee: Flail             |    98 |   179 ||   277
 Armour: Scale mail        |    66 |   111 ||   177
  Dodge: Dodged            |    46 |    91 ||   137
  Block: Buckler           |    27 |    46 ||    73

Table legend: (Time is in decaauts)
 A = Elapsed time spent in this place.
 B = Non-inter-level travel time spent in this place.
 C = Inter-level travel time spent in this place.
 D = Time resting spent in this place.
 E = Time spent auto-exploring this place.
 F = Levels seen in this place.
 G = Mean time per level.
                   A        B        C        D        E       F      G
               +--------+--------+--------+--------+--------+-----+--------+
         Total |   3064 |   2873 |    191 |      3 |   2236 |   4 |  766.0 |
       Dungeon |   3064 |   2873 |    191 |      3 |   2236 |   4 |  766.0 |
               +--------+--------+--------+--------+--------+-----+--------+

Top non-repeatable levels by time:
     D:3: 1163 daAuts
     D:1: 1078 daAuts
     D:2: 810 daAuts
     D:4: 11 daAuts
